 Dungeon Crawl Stone Soup version 0.31-a0-986-g5e6e4ef867 (webtiles) character file.

Game seed: 100386748120449663

569 ytrimaz the Ducker (level 7, 0/52 HPs)
             Began as a Demonspawn Gladiator on Nov 15, 2023.
             Was an Initiate of Okawaru.
             Slain by Duvessa
             ... wielding a +0 rapier
              (8 damage)
             ... on level 5 of the Dungeon.
             The game lasted 00:04:47 (3596 turns).

ytrimaz the Ducker (Demonspawn Gladiator)           Turns: 3596, Time: 00:04:47

Health: 0/52       AC:  4    Str: 15    XL:     7   Next: 11%
Magic:  7/7        EV: 14    Int:  9    God:    Okawaru [......]
Gold:   203        SH:  0    Dex: 16    Spells: 6/6 levels left

rFire   . . .        w - +0 hand axe (elec)
rCold   + . .        (no shield)
rNeg    . . .        b - +1 leather armour
rPois   .            c - melded +0 helmet
rElec   .            (cloak currently unavailable)
rCorr   .            (gloves unavailable)
SInv    .            (boots currently unavailable)
Will    .....        (no amulet)
Stlth   +            y - ring of protection from cold
HPRegen 0.28/turn    (no ring)
MPRegen 0.10/turn

%: no passive effects
@: beast-form
A: beast (slay +1), claws 3, spiny 1
a: Begin Untransformation, Renounce Religion


You were on level 5 of the Dungeon.
You worshipped Okawaru.
Okawaru was noncommittal.
You were a hulking beast.
You visited 2 branches of the dungeon, and saw 6 of its levels.

You collected 203 gold pieces.


Innate Abilities, Weirdness & Mutations

You are a hulking beast.
Your limbs bulge with bestial killing power. (Slay +1)
You have claws for hands.
You are partially covered in sharp spines.


   Skills:
 - Level 3.0 Fighting
 - Level 4.2 Axes
 - Level 1.7 Throwing
 + Level 5.0 Dodging
 + Level 3.2 Shapeshifting


You had 6 spell levels left.
You didn't know any spells.
Your spell library was empty.

Inventory:

Hand Weapons
 a - a +0 war axe
 w - a +0 hand axe of electrocution (weapon)
   (You took it off an orc on level 4 of the Dungeon)
Missiles
 d - 3 throwing nets (quivered)
 e - a javelin
Armour
 b - a +1 leather armour (worn)
 c - a +0 helmet (melded)
Jewellery
 y - a ring of protection from cold (left claw)
   (You found it on level 4 of the Dungeon)
Talismans
 m - a beast talisman (active)
   (You found it on level 2 of the Dungeon)
Wands
 x - a wand of roots (11)
   (You found it on level 4 of the Dungeon)
 A - a wand of paralysis (9)
   (You found it on level 5 of the Dungeon)
Scrolls
 h - a scroll of fear {unknown}
 k - a scroll of vulnerability {unknown}
 l - a scroll of acquirement {unknown}
 n - a scroll of revelation
 r - a scroll of poison {unknown}
 s - 3 scrolls of fog
 t - a scroll of noise {unknown}
 v - a scroll of butterflies {unknown}
 B - a scroll of amnesia {unknown}
Potions
 f - a potion of lignification {unknown}
 g - a potion of resistance {unknown}
 i - 3 potions of enlightenment
 j - 2 potions of curing
 o - a potion of heal wounds {unknown}
 p - a potion of haste {unknown}
 q - a potion of degeneration {unknown}
 u - a potion of invisibility {unknown}
 z - a potion of berserk rage {unknown}

Dungeon Overview and Level Annotations

Branches:
Dungeon (5/15) Zot: 26422  Temple (1/1) D:4 Zot: 5933

Altars:
Ashenzari
Cheibriados
Dithmenos
Fedhas
Gozag
Hepliaklqana
Kikubaaqudgha
Makhleb
Nemelex Xobeh
Okawaru
Qazlal
Ru
Trog
Uskayaw
Vehumet
Xom

Annotations:
D:5 Dowan, Duvessa

****,** *,* #. ,,,,,,* *,* #.
****,,* *,* #. * *,,*
###******###,** #. * *,,*
#######.............# #. * *,,*
#######.########....# #. * *<,*
#######.########.##.# #. * *,,*
#######.########.##.# #. * *,,*
#######h########.##.# #. *,,*
#######e########.##.# #.
****,,**########e########.##.###.
,,,,,,,,....)....##............#.
,******,............e..#######.#.
,* *,#.#######.####.# #.#.
,******,*.#######.####.# #.#.
,,,,,,,,,$.....?..####.# #...
*******,,..###########.# #.##


You could see Duvessa and Dowan.


Message History

You take 1 damage, and now have 35/47 hp.
Unknown command.
You barely miss something. Something hits you but does no damage.
Unknown command.
You hit something. Okawaru accepts your kill.
Reactivating autopickup.
You feel a bit more experienced.
Your Shapeshifting skill increases to level 3!
Items here: ))))) [[ †. 😕 HP[+1] Unknown command.
No target in view!
You hear the slow rusting of a very distant drain.
Items here: ))))) [[ †.
Key pressed, stopping explore.
You hear the rusting of a very distant drain.
A howler monkey and a sleepcap come into view.
The howler monkey howls!
The howler monkey hoots and howls with incredible vigour!
You hear a shout!
You hear an angry hiss.
You hear a bark! 😎 HP[+11]
Your hp is fully restored (47).
There are monsters nearby!
There are monsters nearby!
There are monsters nearby!
Unknown command.
There are monsters nearby!
The howler monkey is struck by your spines.
The howler monkey closely misses you.
You barely miss the howler monkey.
The howler monkey is struck by your spines.
The howler monkey barely misses you. x2
You hit the howler monkey.
The howler monkey is struck by your spines.
The howler monkey closely misses you.
Unknown command.
You closely miss the howler monkey.
The howler monkey hoots and howls with incredible vigour!
You slash the howler monkey!
You kill the howler monkey!
Okawaru accepts your kill.
You hit the sleepcap. The sleepcap closely misses you.
You have reached level 7!
Your demonic ancestry asserts itself...
Your hands twist into claws. 😎 HP[+5] MP[+1]
You now have 52 max hp (+5).
Your hp is fully restored (52).
Your mp is fully restored (7).
You hit the sleepcap. The sleepcap is struck by your spines.
The sleepcap releases spores at you.
You are engulfed in a cloud of soporific spores!
You fall asleep.
The sleepcap releases spores at you.
You wake up. 😕 HP[-7]
You take 7 damage, and now have 45/52 hp.
You hit the sleepcap. The sleepcap is struck by your spines.
The sleepcap releases spores at you.
Duvessa, Sister of Dowan comes into view.
She is wielding a +0 rapier and wearing a +0 leather armour of poison resistance.
The sleepcap releases spores at you but does no damage. 😕 HP[-3]
You take 3 damage, and now have 42/52 hp.
You hit the sleepcap. The sleepcap releases spores at you.
You are engulfed in a cloud of soporific spores!
You are unaffected. 😕 HP[-1]
You take 1 damage, and now have 41/52 hp.
As you read the scroll of revelation, it crumbles to dust.
You feel aware of your surroundings.
You sensed 1 shop/portal.
Dowan, Brother of Duvessa comes into view.
He is wielding a +0 dagger.
The sleepcap releases spores at you. 😮 HP[-2]
You take 2 damage, and now have 39/52 hp.
You slash the sleepcap!
You destroy the sleepcap!
Okawaru accepts your kill.
Your Dodging skill increases to level 5! 😕 HP[+1] Unknown command.
Duvessa is struck by your spines. Duvessa hits you but does no damage.
You see here a howler monkey corpse.
Duvessa attacks as she pursues you! Duvessa hits you with a +0 rapier!
You see here a scroll labelled RIMUARUQAST. 😮 HP[-9]
You take 9 damage, and now have 31/52 hp.
Duvessa is struck by your spines. Duvessa hits you with a +0 rapier!
* * * LOW HITPOINT WARNING * * *
You see here a scroll labelled RIMUARUQAST. 😨 HP[-7]
You take 7 damage, and now have 24/52 hp.
Unknown command.
You hit Duvessa. Duvessa hits you with a +0 rapier.
* * * LOW HITPOINT WARNING * * *
Duvessa hits you with a +0 rapier!
* * * LOW HITPOINT WARNING * * *
😱 HP[-16]
You take 16 damage, and now have 8/52 hp.
MASSIVE DAMAGE!! (PAUSE)
You hit Duvessa but do no damage. Duvessa hits you with a +0 rapier!
You die...

Skill      XL: |  1  2  3  4  5  6  7 |
---------------+----------------------+-----
Axes           | 3 4 |  4.2
Dodging        | 3 4 5 |  5.0
Fighting       | 3 |  3.0
Shapeshifting  | 1 2 3 |  3.2
Throwing       | |  1.7

Action                     |  1- 3 |  4- 6 |  7- 9 || total
---------------------------+-------+-------+-------++-------
  Melee: War axe           |    69 |    51 |       ||   120
         Punch             |     1 |     2 |       ||     3
         Hand axe          |       |    62 |     6 ||    68
    Use: Scroll            |     2 |     3 |     1 ||     6
   Stab: Sleeping          |     1 |     1 |       ||     2
 Armour: Leather armour    |    42 |    55 |    12 ||   109
  Dodge: Dodged            |    43 |    57 |       ||   100
   Form: Beast             |     1 |       |       ||     1

Levels and vault maps discovered:
D:1:      ebering_trefoil_3fold, layout_basic
D:2:      layout_basic, minmay_tetromino_i2
D:3:      layout_basic, hangedman_ru_absence,
          nicolae_overflow_macrodata_refinement,
          ebering_ecumenical_altar_abandoned, nicolae_elevator_lobby_asterisk
D:4:      layout_loops_ring, minmay_temple_entry_nine_rooms,
          kennysheep_generic_room_15
D:5:      layout_loops_ring, mainiacjoe_sewer_entry_somewhere_in_here_1,
          minmay_crossroads, uniq_duvessa
Temple:   minmay_temple_curvy_branch

Notes
Turn   | Place    | Note
-------+----------+-------------------------------------------
     0 | D:1      | ytrimaz the Demonspawn Gladiator began the quest for the
                  | Orb.
     0 | D:1      | Reached XP level 1. HP: 16/16 MP: 1/1
     0 | D:1      | magus.rc [v1.9.6]
   119 | D:1      | Gained mutation: You are partially covered in sharp spines.
                  | [demonic ancestry]
   119 | D:1      | Reached XP level 2. HP: 14/22 MP: 2/2
   229 | D:1      | Reached skill level 3 in Axes
   259 | D:1      | Reached skill level 3 in Dodging
   637 | D:1      | Reached XP level 3. HP: 27/28 MP: 3/3
  1298 | D:2      | Reached skill level 3 in Fighting
  1487 | D:3      | Found a radiant altar of Vehumet.
  1494 | D:3      | Reached XP level 4. HP: 34/35 MP: 4/4
  1511 | D:3      | Found an opulent altar of Gozag.
  1594 | D:3      | Found a bloodstained altar of Trog.
  1596 | D:3      | Found a stormy altar of Qazlal.
  1724 | D:3      | Reached skill level 1 in Shapeshifting
  1728 | D:3      | Gained mutation: You have sharp fingernails. [demonic
                  | ancestry]
  1728 | D:3      | Reached XP level 5. HP: 18/41 MP: 5/5
  1732 | D:3      | Found a sacrificial altar of Ru.
  1994 | D:3      | Found a faded altar of an unknown god.
  2561 | D:4      | Reached skill level 4 in Axes
  2561 | D:4      | Reached skill level 4 in Dodging
  2718 | D:4      | Reached skill level 2 in Shapeshifting
  2718 | D:4      | Gained mutation: You have very sharp fingernails. [demonic
                  | ancestry]
  2718 | D:4      | Reached XP level 6. HP: 37/47 MP: 6/6
  3041 | D:4      | Found a staircase to the Ecumenical Temple.
  3054 | Temple   | Entered the Ecumenical Temple
  3095 | Temple   | Became a worshipper of Warmaster Okawaru
  3318 | D:5      | Entered Level 5 of the Dungeon
  3482 | D:5      | Reached skill level 3 in Shapeshifting
  3582 | D:5      | Gained mutation: You have claws for hands. [demonic
                  | ancestry]
  3582 | D:5      | Reached XP level 7. HP: 52/52 MP: 7/7
  3584 | D:5      | Noticed Duvessa
  3586 | D:5      | Noticed Dowan
  3588 | D:5      | Reached skill level 5 in Dodging
  3595 | D:5      | HP: 8/52 [Duvessa/+0 rapier (11)]
  3596 | D:5      | Slain by Duvessa

Vanquished Creatures
  A scorpion (D:4)
  A howler monkey (D:5)
  A gnoll bouda (D:5)
  A hound (D:5)
  3 orc priests
  2 iguanas
  2 sleepcaps
  3 orc wizards
  3 adders
  A worm (D:4)
  4 dart slugs
  16 orcs
  6 bats
  15 endoplasms
  3 giant cockroaches
  3 hobgoblins
  2 jackals (D:2)
  3 kobolds
  3 quokkas
  8 ball pythons
  A frilled lizard (D:1)
  7 goblins
  3 rats
92 creatures vanquished.

Table legend:
 A = Non-vault XP
 B = Vault XP
 C = Vault XP percentage of total XP
 D = Non-vault monster count
 E = Vault monster count
 F = Vault count percentage of total count
                 A         B        C        D         E       F
            +---------+---------+-------+---------+---------+-------
      Total |     710 |     103 |  12.7 |      87 |       5 |   5.4
            +---------+---------+-------+---------+---------+-------
        D:1 |      41 |       0 |   0.0 |      24 |       0 |   0.0
        D:2 |      52 |       1 |   1.9 |      15 |       1 |   6.2
        D:3 |     147 |       0 |   0.0 |      19 |       0 |   0.0
        D:4 |     250 |      16 |   6.0 |      21 |       2 |   8.7
        D:5 |     220 |      86 |  28.1 |       8 |       2 |  20.0
            +---------+---------+-------+---------+---------+-------

Skill      XL: |  1  2  3  4  5  6  7 |
---------------+----------------------+-----
Axes           | 3 4 |  4.2
Dodging        | 3 4 5 |  5.0
Fighting       | 3 |  3.0
Shapeshifting  | 1 2 3 |  3.2
Throwing       | |  1.7

Action                     |  1- 3 |  4- 6 |  7- 9 || total
---------------------------+-------+-------+-------++-------
  Melee: War axe           |    69 |    51 |       ||   120
         Punch             |     1 |     2 |       ||     3
         Hand axe          |       |    62 |     6 ||    68
    Use: Scroll            |     2 |     3 |     1 ||     6
   Stab: Sleeping          |     1 |     1 |       ||     2
 Armour: Leather armour    |    42 |    55 |    12 ||   109
  Dodge: Dodged            |    43 |    57 |       ||   100
   Form: Beast             |     1 |       |       ||     1

Illustrated notes

Table legend:
 A = Kills in this place as a percentage of kills in the entire game.
 B = Kills by you in this place as a percentage of kills by you in the entire game.
 C = Kills by friends in this place as a percentage of kills by friends in the entire game.
 D = Other kills in this place as a percentage of other kills in the entire game.
 E = Experience gained in this place as a percentage of experience gained in the entire game.
 F = Experience gained in this place divided by the number of levels of this place that you have seen.
                   A       B       C       D       E      F
               +-------+-------+-------+-------+-------+----------------------
         Total | 100.0 | 100.0 |   N/A |   N/A | 100.0 | 135.5
       Dungeon | 100.0 | 100.0 |   N/A |   N/A | 100.0 | 162.6
               +-------+-------+-------+-------+-------+----------------------

Table legend: (Time is in decaauts)
 A = Elapsed time spent in this place.
 B = Non-inter-level travel time spent in this place.
 C = Inter-level travel time spent in this place.
 D = Time resting spent in this place.
 E = Time spent auto-exploring this place.
 F = Levels seen in this place.
 G = Mean time per level.
                   A        B        C        D        E       F      G
               +--------+--------+--------+--------+--------+-----+--------+
         Total |   3643 |   3453 |    190 |      0 |   2795 |   6 |  607.2 |
       Dungeon |   3576 |   3438 |    138 |      0 |   2795 |   5 |  715.2 |
        Temple |     66 |     14 |     52 |      0 |      0 |   1 |   66.0 |
               +--------+--------+--------+--------+--------+-----+--------+

Top non-repeatable levels by time:
     D:4: 939 daAuts
     D:3: 906 daAuts
     D:1: 803 daAuts
     D:2: 646 daAuts
     D:5: 281 daAuts
  Temple: 66 daAuts
